[Event "Titled Tuesday Blitz October 04 Late 2022"]
[White "Demidov, Mikhail"]
[Black "Korchmar, Vasiliy"]
[WhiteFideId "4197143"]
[BlackFideId "24131750"]
[WhiteElo "2520"]
[BlackElo "2370"]
[Result "1-0"]
[Round "05"]
[TimeControl "180+1"]
[Date "2022.10.04"]
[WhiteClock "0:00:05"]
[BlackClock "0:00:01"]

1. Nf3 d5 2. d4 Nf6 3. Bf4 c5 4. dxc5 e6 5. e3 Bxc5 6. Be2 Qb6 7. Qc1 O-O 8. O-O Nc6 9. a3 Re8 10. b4 Bf8 11. c4 dxc4 12. Nbd2 c3 13. Nc4 Qd8 14. Rd1 Bd7 15. Bg5 Be7 16. Nd6 Bxd6 17. Rxd6 Qc7 18. Rd1 Ne4 19. Bf4 e5 20. Bg3 Nxg3 21. hxg3 e4 22. Ng5 h6 23. Nxf7 Kxf7 24. Qxc3 Be6 25. Rac1 Qe5 26. Qe1 a6 27. Rc5 Qf6 28. b5 axb5 29. Rxb5 Re7 30. Rdb1 Rxa3 31. Rxb7 Rxb7 32. Rxb7+ Kg8 33. Rb1 Ra2 34. Rd1 Ne5 35. Rd2 Ra1 36. Rd1 Ra2 37. Rd2 Ra8 38. Rd1 Bg4 39. Bxg4 Nxg4 40. Qe2 Ne5 41. Qc2 Nd3 42. Rf1 Rd8 43. Qc4+ Kh8 44. Qxe4 Ne5 45. Qf4 Qe6 46. Qh4 Rf8 47. Qe4 Qf6 48. Qf4 Qe7 49. Qe4 Qd6 50. Qh4 Ng6 51. Qe4 Qe7 52. Qxg6 Rf6 53. Qh5 Qf8 54. Qe2 Rf5 55. Rd1 Kh7 56. Rd4 Qf6 57. Qd2 Qg6 58. Qd3 Ra5 59. Rd5 Ra1+ 60. Kh2 1-0


[Site "https://www.chess.com"]

[Event "Titled Tuesday Blitz October 04 Late 2022"]
[White "Duda, Jan-Krzysztof"]
[Black "Zakhartsov, Vladimir"]
[WhiteFideId "1170546"]
[BlackFideId "4145097"]
[WhiteElo "2779"]
[BlackElo "2492"]
[Result "1-0"]
[Round "05"]
[TimeControl "180+1"]
[Date "2022.10.04"]
[WhiteClock "0:01:45"]
[BlackClock "0:00:18"]

1. Nf3 d5 2. c4 d4 3. b4 g5 4. h3 Bg7 5. Nxg5 e5 6. Ne4 f5 7. Nc5 b6 8. Qa4+ c6 9. Nd3 Ne7 10. Bb2 O-O 11. g3 Be6 12. Na3 Ng6 13. h4 e4 14. h5 exd3 15. hxg6 hxg6 16. exd3 Re8 17. O-O-O a5 18. b5 Nd7 19. bxc6 Nc5 20. Qb5 Qc7 21. Nc2 Rad8 22. Rh4 g5 23. Rxd4 Bxd4 24. Bxd4 1-0


[Site "https://www.chess.com"]

[Event "Titled Tuesday Blitz October 04 Late 2022"]
[White "Golubev, Mikhail"]
[Black "Leiva, Gianmarco"]
[WhiteFideId "14100983"]
[BlackFideId "3804399"]
[WhiteElo "2374"]
[BlackElo "2285"]
[Result "0-1"]
[Round "05"]
[TimeControl "180+1"]
[Date "2022.10.04"]
[WhiteClock "0:00:01"]
[BlackClock "0:00:17"]

1. e4 c5 2. Nf3 d6 3. d4 cxd4 4. Nxd4 Nf6 5. Nc3 a6 6. Bc4 e6 7. O-O b5 8. Bb3 Be7 9. f4 b4 10. Na4 O-O 11. Be3 Qc7 12. e5 dxe5 13. fxe5 Nd5 14. Bxd5 exd5 15. Nf5 Bxf5 16. Rxf5 g6 17. Rf3 Nd7 18. Qxd5 Nxe5 19. Rff1 Ng4 20. Bf4 Qa7+ 21. Kh1 Nf2+ 22. Rxf2 Qxf2 23. Qe4 Rfe8 24. Be3 Qh4 25. Qxh4 Bxh4 26. Bd4 Rad8 27. c3 Re1+ 28. Rxe1 Bxe1 29. g3 bxc3 30. bxc3 Re8 31. Nc5 Re2 32. Nxa6 Rxa2 33. Nc5 Bf2 34. Bxf2 Rxf2 35. Kg1 Rc2 36. Ne4 f5 37. Nf6+ Kg7 38. Nd5 Kf7 39. h4 Ke6 40. Nf4+ Kd6 41. h5 g5 42. Nh3 h6 43. Nf2 Rxc3 44. Kg2 Rc2 45. Kf3 g4+ 0-1


[Site "https://www.chess.com"]

[Event "Titled Tuesday Blitz October 04 Late 2022"]
[White "Gunduz, Umut Erdem"]
[Black "Vasquez Schroeder, Rodrigo"]
[WhiteFideId "6381383"]
[BlackFideId "3400042"]
[WhiteElo "2182"]
[BlackElo "2577"]
[Result "1-0"]
[Round "05"]
[TimeControl "180+1"]
[Date "2022.10.04"]
[WhiteClock "0:00:19"]
[BlackClock "0:00:19"]

1. e4 c5 2. Nf3 d6 3. d4 cxd4 4. Nxd4 Nf6 5. Nc3 a6 6. Bg5 e6 7. f4 Nbd7 8. Qf3 Qc7 9. O-O-O b5 10. Bd3 Bb7 11. g4 b4 12. Nce2 Nc5 13. Ng3 Be7 14. Kb1 h6 15. Bxf6 Bxf6 16. Nge2 O-O-O 17. h4 g6 18. g5 Bg7 19. Qe3 d5 20. e5 h5 21. Rc1 Kb8 22. c3 bxc3 23. Rxc3 Qb6 24. Rhc1 Bf8 25. b4 Qxb4+ 26. Ka1 Rc8 27. Bxa6 Qa5 28. Bxb7 Kxb7 29. Nb3 Nxb3+ 30. Rxb3+ Bb4 31. Rcb1 Rc4 32. Qd2 Ra8 33. Rxb4+ Kc6 34. Rxc4+ dxc4 35. Qd6# 1-0


[Site "https://www.chess.com"]

[Event "Titled Tuesday Blitz October 04 Late 2022"]
[White "Howell, David W L"]
[Black "Nepomniachtchi, Ian"]
[WhiteFideId "410608"]
[BlackFideId "4168119"]
[WhiteElo "2567"]
[BlackElo "2781"]
[Result "0-1"]
[Round "05"]
[TimeControl "180+1"]
[Date "2022.10.04"]
[WhiteClock "0:00:02"]
[BlackClock "0:00:18"]

1. e4 c5 2. c3 d5 3. exd5 Qxd5 4. d4 Nf6 5. Nf3 e6 6. Be3 Nc6 7. a3 cxd4 8. cxd4 Be7 9. Nc3 Qd8 10. Bd3 O-O 11. Qc2 b6 12. Ne4 Bb7 13. Nxf6+ Bxf6 14. Bxh7+ Kh8 15. Be4 Rc8 16. Qe2 Na5 17. Bxb7 Nxb7 18. O-O Qd5 19. Rac1 Nd6 20. Qa6 Nc4 21. b3 Nd6 22. Qxa7 Qxb3 23. Rb1 Qd5 24. Qxb6 Nc4 25. Qb7 Qxb7 26. Rxb7 Nxa3 27. g4 Nc4 28. g5 Bd8 29. Ra1 Nd6 30. Rd7 Nf5 31. Raa7 Kg8 32. Bf4 Rc2 33. h4 Bb6 34. Rab7 Ba5 35. d5 Rc4 36. Be5 exd5 37. Rxd5 Bb4 38. h5 Bc5 39. Kg2 Rc2 40. Kh3 Bxf2 41. Rd3 Bc5 42. Rc7 Re8 43. Kg4 g6 44. hxg6 fxg6 45. Bf4 Rc4 0-1


[Site "https://www.chess.com"]

[Event "Titled Tuesday Blitz October 04 Late 2022"]
[White "Ibarra Jerez, Jose Carlos"]
[Black "Lewtak, Damian"]
[WhiteFideId "2226332"]
[BlackFideId "1141724"]
[WhiteElo "2627"]
[BlackElo "2329"]
[Result "1-0"]
[Round "05"]
[TimeControl "180+1"]
[Date "2022.10.04"]
[WhiteClock "0:00:04"]
[BlackClock "0:00:04"]

1. Nf3 g6 2. e4 Bg7 3. d4 a6 4. Nc3 b5 5. Be3 Bb7 6. Bd3 d6 7. e5 Nd7 8. e6 fxe6 9. Ng5 Nf8 10. O-O Nf6 11. Re1 h6 12. Nf3 g5 13. Bd2 Qd7 14. a4 b4 15. Ne4 Nxe4 16. Bxe4 Bxe4 17. Rxe4 a5 18. h4 gxh4 19. Nxh4 O-O-O 20. c3 b3 21. Qxb3 Bf6 22. Nf3 Qc6 23. Rae1 h5 24. c4 Qb6 25. Qc3 d5 26. cxd5 Rxd5 27. Bf4 Rd7 28. Ne5 Bxe5 29. Rxe5 Rg8 30. Rb5 Qa7 31. Rxa5 Qb7 32. f3 Ng6 33. Rg5 Rd5 34. Rxe6 Rxg5 35. Bxg5 Qd5 36. Qe3 h4 37. Qe4 Qxg5 38. Qa8+ Kd7 39. Qc6+ Kd8 40. Qa8+ Kd7 41. Qxg8 Qc1+ 42. Kf2 Qd2+ 43. Re2 Qxd4+ 44. Kf1 Nf4 45. Qg4+ e6 46. Re4 Qd3+ 47. Kg1 Ne2+ 48. Kh2 Qd6+ 49. f4 Ng3 50. Qg7+ Kc6 51. Rc4+ Kb7 52. Qc3 Qd1 53. Rb4+ Kc8 54. Qh8+ Kd7 55. Rd4+ 1-0


[Site "https://www.chess.com"]

[Event "Titled Tuesday Blitz October 04 Late 2022"]
[White "Kamsky, Gata"]
[Black "Naroditsky, Daniel"]
[WhiteFideId "2000024"]
[BlackFideId "2026961"]
[WhiteElo "2666"]
[BlackElo "2628"]
[Result "1-0"]
[Round "05"]
[TimeControl "180+1"]
[Date "2022.10.04"]
[WhiteClock "0:00:03"]
[BlackClock "0:00:02"]

1. d4 Nf6 2. Bf4 c5 3. e3 cxd4 4. exd4 Qb6 5. Na3 d6 6. Nc4 Qc7 7. h3 g6 8. Nf3 Bg7 9. Ne3 O-O 10. Be2 b6 11. O-O Bb7 12. c4 Nbd7 13. Bh2 Rac8 14. Rc1 Qb8 15. d5 b5 16. b3 bxc4 17. bxc4 Nc5 18. Nd4 Qc7 19. Bf3 Nfe4 20. Bg4 f5 21. Bf3 Ng5 22. Bf4 Nxf3+ 23. Nxf3 h6 24. h4 Qd7 25. Re1 Ne4 26. Qd3 Qa4 27. Rc2 Ba6 28. Nd4 Nc5 29. Qd1 Qd7 30. Nc6 e5 31. dxe6 Qxc6 32. Nd5 Rfe8 33. e7 Ne4 34. f3 Nf6 35. Nxf6+ Bxf6 36. Bxd6 Bxc4 37. Kh1 Bxh4 38. Re5 Qd7 39. Rd2 Bf7 40. Ba3 Qc7 41. Qe2 Bg3 42. Re3 Bf4 43. Bb2 Bxe3 44. Qxe3 Qxe7 45. Qxh6 Qe1+ 46. Kh2 Re5 47. f4 Rce8 48. fxe5 Qe4 49. e6 1-0


[Site "https://www.chess.com"]

[Event "Titled Tuesday Blitz October 04 Late 2022"]
[White "Kollars, Dmitrij"]
[Black "Girel, Joseph"]
[WhiteFideId "12909572"]
[BlackFideId "36033561"]
[WhiteElo "2584"]
[BlackElo "2281"]
[Result "1-0"]
[Round "05"]
[TimeControl "180+1"]
[Date "2022.10.04"]
[WhiteClock "0:00:05"]
[BlackClock "0:00:04"]

1. e4 e5 2. Nf3 Nc6 3. Bc4 Bc5 4. d3 Nf6 5. Nc3 h6 6. h3 d6 7. Na4 Bb6 8. O-O O-O 9. a3 Be6 10. Bxe6 fxe6 11. c4 Bd4 12. Nxd4 Nxd4 13. Nc3 Qe8 14. Ne2 Nxe2+ 15. Qxe2 Qg6 16. Be3 Nh5 17. Qg4 Qf7 18. g3 Nf6 19. Qe2 Kh7 20. Kh2 Qg6 21. f4 exf4 22. gxf4 d5 23. Rg1 Qf7 24. cxd5 exd5 25. e5 Ng8 26. Raf1 Ne7 27. Bc5 g6 28. Qg2 Nf5 29. Bxf8 Ne3 30. Qf3 Nxf1+ 31. Rxf1 Rxf8 32. d4 Qe6 33. Qg4 Rf5 34. b4 c6 35. Re1 Kg7 36. h4 Kf7 37. Kg3 h5 38. Qe2 Kg7 39. b5 Rf7 40. bxc6 bxc6 41. Rc1 Kh7 42. Qf3 Qf5 43. Rf1 Rb7 44. Re1 Kg7 45. e6 Re7 46. Re5 Qb1 47. Qe3 Kh7 48. Kh2 Qc2+ 49. Kg3 Qb1 50. Qf2 Qd3+ 51. Kh2 Qb1 52. f5 gxf5 53. Rxf5 Rxe6 54. Rxh5+ Kg7 55. Qg3+ Rg6 56. Qe5+ Kf7 57. Rf5+ Kg8 58. Qe8+ Kh7 59. Qf7+ Rg7 60. Rh5# 1-0


[Site "https://www.chess.com"]

[Event "Titled Tuesday Blitz October 04 Late 2022"]
[White "Kozak, Adam"]
[Black "Sargsyan, Anna M."]
[WhiteFideId "753246"]
[BlackFideId "13308130"]
[WhiteElo "2459"]
[BlackElo "2284"]
[Result "1-0"]
[Round "05"]
[TimeControl "180+1"]
[Date "2022.10.04"]
[WhiteClock "0:00:27"]
[BlackClock "0:00:07"]

1. d4 d5 2. c4 c6 3. Nc3 Nf6 4. Nf3 dxc4 5. a4 Bf5 6. g3 e6 7. Bg2 Bb4 8. O-O O-O 9. Nh4 Bg4 10. Nf3 Nbd7 11. Qc2 Rc8 12. e4 Bxc3 13. bxc3 c5 14. h3 Bh5 15. g4 Bg6 16. Nh4 cxd4 17. cxd4 e5 18. Nxg6 hxg6 19. Be3 exd4 20. Bxd4 Nc5 21. Rad1 Nd3 22. Bxa7 Qa5 23. Bd4 Rfe8 24. e5 Nxe5 25. Bxb7 Rc7 26. Bg2 Nd3 27. Qc3 Qxc3 28. Bxc3 Ne4 29. Bxe4 Rxe4 30. a5 Re2 31. Ra1 Ra7 32. Rfb1 Nf4 33. a6 Nxh3+ 34. Kg2 Nf4+ 35. Kf3 Re6 36. Kxf4 Raxa6 37. Rb8+ Kh7 38. Rh1# 1-0


[Site "https://www.chess.com"]

[Event "Titled Tuesday Blitz October 04 Late 2022"]
[White "Kravtsiv, Martyn"]
[Black "Guzman, Christopher"]
[WhiteFideId "14113147"]
[BlackFideId "6405096"]
[WhiteElo "2694"]
[BlackElo "2272"]
[Result "1-0"]
[Round "05"]
[TimeControl "180+1"]
[Date "2022.10.04"]
[WhiteClock "0:01:23"]
[BlackClock "0:01:00"]

1. e4 c6 2. Nf3 d5 3. d3 Bg4 4. h3 Bxf3 5. Qxf3 e6 6. g3 Nd7 7. Bg2 Ngf6 8. O-O Bc5 9. Nc3 O-O 10. g4 Rc8 11. Kh1 b5 12. Qg3 d4 13. Ne2 e5 14. f4 exf4 15. Bxf4 Re8 16. Rf2 h6 17. Raf1 Nh7 18. Qh2 Qe7 19. Ng3 f6 20. Nf5 Qd8 21. h4 Ndf8 22. Bh3 Ne6 23. Bxh6 gxh6 24. Nxh6+ Kg7 25. g5 Qc7 26. Qg2 Kh8 27. g6 Bd6 28. Nf7+ Kg7 29. gxh7+ Kxf7 30. Rxf6+ Ke7 31. Rxe6+ 1-0


[Site "https://www.chess.com"]

[Event "Titled Tuesday Blitz October 04 Late 2022"]
[White "Lazavik, Denis"]
[Black "Pichot, Alan"]
[WhiteFideId "13515110"]
[BlackFideId "110973"]
[WhiteElo "2437"]
[BlackElo "2578"]
[Result "1-0"]
[Round "05"]
[TimeControl "180+1"]
[Date "2022.10.04"]
[WhiteClock "0:00:39"]
[BlackClock "0:00:12"]

1. d4 Nf6 2. c4 e6 3. Nf3 d5 4. g3 dxc4 5. Bg2 a6 6. O-O Nc6 7. e3 Rb8 8. Nfd2 e5 9. Bxc6+ bxc6 10. dxe5 Ng4 11. Nxc4 Be6 12. Nbd2 Bb4 13. b3 h5 14. h3 Bc3 15. Ba3 Bxa1 16. Qxa1 h4 17. hxg4 hxg3 18. fxg3 Qd3 19. Qc1 Qh7 20. Nf3 Bd5 21. Ncd2 Qd3 22. Qc5 Kd8 23. Qd4 Qxd4 24. exd4 Kd7 25. Kf2 f6 26. Ke3 Rh3 27. Rg1 Re8 28. Ne4 a5 29. Bc5 Rhh8 30. g5 f5 31. Nc3 Be6 32. Ne2 a4 33. bxa4 Ra8 34. Nc3 Rhb8 35. Rh1 Rh8 36. Rxh8 Rxh8 37. a5 Ra8 38. Bb4 Kc8 39. a3 Kd7 40. Na4 Bc4 41. Nc5+ Ke8 42. Nh4 1-0


[Site "https://www.chess.com"]

[Event "Titled Tuesday Blitz October 04 Late 2022"]
[White "Makarian, Rudik"]
[Black "Jobava, Baadur"]
[WhiteFideId "44105681"]
[BlackFideId "13601520"]
[WhiteElo "2405"]
[BlackElo "2582"]
[Result "1-0"]
[Round "05"]
[TimeControl "180+1"]
[Date "2022.10.04"]
[WhiteClock "0:00:25"]
[BlackClock "0:00:01"]

1. d3 d5 2. f4 b6 3. Nf3 Bb7 4. g3 g6 5. Bg2 Bg7 6. O-O Nd7 7. Qe1 e6 8. e4 dxe4 9. dxe4 Ne7 10. Kh1 O-O 11. Nc3 Nc5 12. Bd2 Qc8 13. b4 Nd7 14. Rd1 a5 15. b5 Nc5 16. e5 Nd5 17. g4 a4 18. Be3 Nxe3 19. Qxe3 a3 20. Nd4 Bxg2+ 21. Kxg2 f5 22. Nc6 Qe8 23. g5 Nb7 24. Ne2 Rf7 25. Rd2 Na5 26. Nxa5 Rxa5 27. c4 Bf8 28. Rfd1 Ra8 29. Qf3 Bb4 30. Rd3 Kg7 31. Nd4 Bc5 32. Nc6 Qc8 33. Qh3 Qb7 34. Rd8 Rxd8 35. Rxd8 Bf8 36. Kf1 Kg8 37. Rb8 1-0


[Site "https://www.chess.com"]

[Event "Titled Tuesday Blitz October 04 Late 2022"]
[White "Melkumyan, Hrant"]
[Black "Martinez Alcantara, Jose Eduardo"]
[WhiteFideId "13302485"]
[BlackFideId "3805662"]
[WhiteElo "2604"]
[BlackElo "2703"]
[Result "1-0"]
[Round "05"]
[TimeControl "180+1"]
[Date "2022.10.04"]
[WhiteClock "0:00:09"]
[BlackClock "0:00:19"]

1. Nf3 c5 2. c4 Nc6 3. Nc3 g6 4. e3 Bg7 5. d4 d6 6. d5 Nb4 7. e4 Nf6 8. h3 O-O 9. a3 Na6 10. Bd3 e5 11. dxe6 Bxe6 12. O-O Nd7 13. Bg5 Bf6 14. Bh6 Re8 15. Qd2 Ne5 16. Nxe5 dxe5 17. Nd5 Bg7 18. Bg5 f6 19. Be3 Rc8 20. b4 b6 21. Rab1 Qd6 22. Rfd1 Kh8 23. Be2 f5 24. exf5 gxf5 25. f4 e4 26. Qe1 Qf8 27. Kh1 Red8 28. Bf1 Bxd5 29. cxd5 Nc7 30. Bc4 cxb4 31. axb4 Ne8 32. Ba6 Rc7 33. Bb5 Nd6 34. Bc6 Bf6 35. b5 Rg7 36. Qf1 Qf7 37. Rbc1 Rdg8 38. Rc2 Qh5 39. Bc1 e3 40. Bxe3 Ne4 41. Qf3 Qh4 42. Bf2 Rg3 43. Bxg3 Rxg3 44. Qf1 Re3 45. Qg1 Bd4 46. Rxd4 Rxh3+ 47. gxh3 Qxh3+ 48. Rh2 Ng3+ 49. Qxg3 Qxg3 50. Rhd2 Qh3+ 51. Kg1 Qg3+ 52. Kf1 Qf3+ 53. Ke1 Qh1+ 54. Ke2 Qg2+ 55. Kd3 Qg1 56. Kc2 Qa1 57. d6 Qa2+ 58. Kd1 Qb3+ 59. Ke2 Qe6+ 60. Kf2 Qh6 61. d7 Qh2+ 62. Bg2 Qh4+ 63. Kf1 Qd8 64. Re2 Kg7 65. Re8 1-0


[Site "https://www.chess.com"]

[Event "Titled Tuesday Blitz October 04 Late 2022"]
[White "Mortazavi, Ali"]
[Black "Bordi, Kevin"]
[WhiteFideId "401323"]
[BlackFideId "621862"]
[WhiteElo "2339"]
[BlackElo "2790"]
[Result "1-0"]
[Round "05"]
[TimeControl "180+1"]
[Date "2022.10.04"]
[WhiteClock "0:00:10"]
[BlackClock "0:00:07"]

1. Nf3 d5 2. g3 h5 3. h4 Nf6 4. Bg2 Bf5 5. O-O e6 6. d3 Be7 7. c4 dxc4 8. Qa4+ c6 9. Qxc4 Nbd7 10. Nc3 Bg4 11. Bf4 Qb6 12. a3 a5 13. Na4 Qa6 14. Qc2 O-O 15. Rac1 Rac8 16. Be3 Nd5 17. Bd2 b5 18. Nc3 c5 19. Nxd5 exd5 20. Rfe1 d4 21. a4 b4 22. Bf4 Bd6 23. Bxd6 Qxd6 24. b3 Nf6 25. Nd2 Nd5 26. Bxd5 Qxd5 27. Qc4 Qd7 28. Ne4 Be6 29. Nxc5 Qd6 30. Qb5 Bd5 31. Ne4 Qe6 32. Ng5 Qf5 33. Qxa5 f6 34. Nf3 Rcd8 35. Rc5 Qd7 36. Qxb4 Ba8 37. Qc4+ Rf7 38. Rc1 Qh3 39. Rc8 Qd7 40. Rxd8+ Qxd8 41. Qc8 Rf8 42. Qe6+ Kh8 43. Rc5 g6 44. Qc4 Re8 45. Qxd4 Qe7 46. Kg2 Kg7 47. Rc2 Qb7 48. e4 Kf7 49. Qc5 Re7 50. Qc3 Qb6 51. Qc4+ Kf8 52. Qc5 Qb7 53. Qc8+ Kf7 54. Qxb7 Rxb7 55. Nd4 Rb4 56. Rc4 Rb6 57. b4 f5 58. f3 fxe4 59. fxe4 Kf6 60. Kf3 Ke5 61. Ke3 Rf6 62. Nf3+ Ke6 63. b5 Kd7 64. a5 Rf8 65. Rd4+ Kc7 66. Ne5 Rf1 67. Rd7+ Kc8 68. Rg7 Ra1 69. a6 Rb1 70. Rg8+ Kc7 71. Rxa8 Rxb5 72. d4 g5 73. hxg5 Rb3+ 74. Kf4 Rb1 75. g6 Rf1+ 76. Nf3 1-0


[Site "https://www.chess.com"]

[Event "Titled Tuesday Blitz October 04 Late 2022"]
[White "Nakamura, Hikaru"]
[Black "Bortnyk, Mykola"]
[WhiteFideId "2016192"]
[BlackFideId "14120836"]
[WhiteElo "2909"]
[BlackElo "2582"]
[Result "1/2-1/2"]
[Round "05"]
[TimeControl "180+1"]
[Date "2022.10.04"]
[WhiteClock "0:01:32"]
[BlackClock "0:01:23"]

1. d4 Nf6 2. Bg5 Ne4 3. Bf4 d5 4. e3 c5 5. Bd3 cxd4 6. Bxe4 dxe4 7. exd4 Qb6 8. Nc3 Qxb2 9. Nge2 Bg4 10. O-O Qxc3 11. Nxc3 Bxd1 12. Rfxd1 f5 13. d5 Nd7 14. Nb5 Kf7 15. Rdb1 g5 16. Bxg5 Bg7 17. c3 a6 18. Nd4 Bxd4 19. cxd4 b5 20. a4 Nb6 21. axb5 axb5 22. Rxa8 Rxa8 23. g3 Ra5 24. Bd2 Ra2 25. Rxb5 Rxd2 26. Rxb6 Rxd4 27. Rh6 Kg7 28. Re6 Rxd5 29. Rxe7+ Kg6 30. h4 Rd3 31. Re6+ Kf7 32. Ra6 e3 33. fxe3 Rxe3 34. Kg2 Kg7 35. Ra7+ Kg6 36. Ra6+ Kg7 37. Ra7+ Kg6 38. Ra6+ Kg7 1/2-1/2


[Site "https://www.chess.com"]

[Event "Titled Tuesday Blitz October 04 Late 2022"]
[White "Pacan-Milej, Kosma"]
[Black "Rasulov, Vugar"]
[WhiteFideId "21800537"]
[BlackFideId "13402390"]
[WhiteElo "2302"]
[BlackElo "2509"]
[Result "0-1"]
[Round "05"]
[TimeControl "180+1"]
[Date "2022.10.04"]
[WhiteClock "0:00:02"]
[BlackClock "0:01:31"]

1. d4 Nf6 2. c4 g6 3. Nc3 d5 4. cxd5 Nxd5 5. e4 Nxc3 6. bxc3 Bg7 7. Bc4 O-O 8. Ne2 c5 9. O-O Nc6 10. Be3 Bg4 11. f3 Bd7 12. Qd2 Rc8 13. Rac1 Qa5 14. d5 Ne5 15. Bb3 Qa6 16. Rfd1 Nc4 17. Bxc4 Qxc4 18. Ng3 Rfd8 19. Bh6 Bh8 20. Qg5 Re8 21. h4 Qxa2 22. h5 Qc4 23. hxg6 hxg6 24. Nf5 Bf6 25. Qg3 Bxf5 26. exf5 Qh4 27. Qxh4 Bxh4 28. fxg6 fxg6 29. Rb1 b6 30. Bf4 c4 31. Ra1 Bf6 32. Rxa7 Bxc3 33. Rb7 Bb4 34. Be3 c3 35. Rxb6 c2 36. Rf1 Ba3 37. Rc6 Rxc6 38. dxc6 Rc8 39. Bc1 Bc5+ 40. Kh2 Rxc6 41. Kg3 Rd6 42. Re1 Rd1 43. Re5 Bd6 0-1


[Site "https://www.chess.com"]

[Event "Titled Tuesday Blitz October 04 Late 2022"]
[White "Quesada Perez, Yuniesky"]
[Black "Barria Zuniga, Daniel"]
[WhiteFideId "3504409"]
[BlackFideId "3400816"]
[WhiteElo "2599"]
[BlackElo "2414"]
[Result "0-1"]
[Round "05"]
[TimeControl "180+1"]
[Date "2022.10.04"]
[WhiteClock "0:00:21"]
[BlackClock "0:00:10"]

1. e4 c5 2. Nf3 Nc6 3. Bb5 Na5 4. c3 a6 5. Ba4 b5 6. Bc2 Bb7 7. O-O e6 8. d4 cxd4 9. cxd4 Nf6 10. Re1 Be7 11. Nc3 O-O 12. d5 d6 13. dxe6 fxe6 14. Nd4 Qd7 15. Qd3 Rae8 16. Qh3 Bd8 17. Bg5 Bb6 18. Rad1 Bc8 19. Qh4 Qc7 20. a3 Nc4 21. Bxf6 gxf6 22. Rd3 Kh8 23. Nde2 Nxb2 24. Rg3 Nc4 25. Nf4 Ne5 26. Bb3 Qf7 27. h3 Rg8 28. Nce2 Rxg3 29. Nxg3 Rg8 30. Rd1 Bc5 31. Nf5 Nf3+ 0-1


[Site "https://www.chess.com"]

[Event "Titled Tuesday Blitz October 04 Late 2022"]
[White "Rustemov, Alexander"]
[Black "Turayev, Shahruh"]
[WhiteFideId "4119002"]
[BlackFideId "14003856"]
[WhiteElo "2792"]
[BlackElo "2598"]
[Result "1/2-1/2"]
[Round "05"]
[TimeControl "180+1"]
[Date "2022.10.04"]
[WhiteClock "0:00:48"]
[BlackClock "0:00:11"]

1. d4 d5 2. c4 c6 3. Nc3 Nf6 4. e3 g6 5. Nf3 Bg7 6. Bd3 O-O 7. O-O Bf5 8. Bxf5 gxf5 9. b3 e6 10. Bb2 Nbd7 11. Ne2 Ne4 12. Nf4 Kh8 13. Nd3 Rg8 14. Qe2 Qf6 15. Nfe5 Nxe5 16. Nxe5 Bf8 17. f3 Nd6 18. Nd7 Qe7 19. Nxf8 Raxf8 20. Ba3 Rd8 21. Rad1 Qh4 22. Bxd6 Rxd6 23. g3 Qf6 24. c5 Rd7 25. b4 a6 26. a4 h5 27. Kf2 Rg6 28. h4 Rd8 29. Rg1 Rdg8 30. Rg2 Qxh4 31. Rdg1 Qh3 32. f4 Rg4 33. Qf3 h4 34. gxh4 Qxh4+ 35. Kf1 Rxg2 36. Rxg2 Qh1+ 37. Kf2 Rxg2+ 38. Qxg2 Qxg2+ 39. Kxg2 Kg7 40. Kh3 Kg6 41. Kh4 f6 42. Kh3 Kf7 43. Kh4 e5 44. Kh5 exf4 45. exf4 Kg7 46. Kh4 Kg6 47. Kh3 Kh6 48. Kg3 Kg6 49. Kh3 Kh5 50. Kg3 Kg6 51. Kh4 Kh6 52. Kh3 Kh5 53. Kg3 Kg6 1/2-1/2


[Site "https://www.chess.com"]

[Event "Titled Tuesday Blitz October 04 Late 2022"]
[White "Sarana, Alexey"]
[Black "Kim, Yoon-Young"]
[WhiteFideId "24133795"]
[BlackFideId "30908779"]
[WhiteElo "2689"]
[BlackElo "2215"]
[Result "1-0"]
[Round "05"]
[TimeControl "180+1"]
[Date "2022.10.04"]
[WhiteClock "0:01:32"]
[BlackClock "0:00:23"]

1. d4 Nf6 2. c4 e6 3. Nc3 Bb4 4. e3 O-O 5. Bd3 c5 6. a3 Bxc3+ 7. bxc3 b6 8. e4 Nc6 9. e5 Ne8 10. Nf3 f5 11. d5 Na5 12. Bg5 Qc7 13. Be7 Rf7 14. d6 Qc6 15. Ng5 Qxg2 16. Qh5 g6 17. Qh6 Qxh1+ 18. Ke2 Qxa1 19. Nxf7 Ng7 20. Ng5 Qb2+ 21. Kf1 Qc1+ 22. Kg2 Bb7+ 23. Kh3 Qxg5 24. Qxg5 1-0


[Site "https://www.chess.com"]

[Event "Titled Tuesday Blitz October 04 Late 2022"]
[White "Sorokin, Aleksey"]
[Black "Indjic, Aleksandar"]
[WhiteFideId "24176460"]
[BlackFideId "911925"]
[WhiteElo "2476"]
[BlackElo "2592"]
[Result "0-1"]
[Round "05"]
[TimeControl "180+1"]
[Date "2022.10.04"]
[WhiteClock "0:00:10"]
[BlackClock "0:00:16"]

1. e4 e5 2. Nf3 Nc6 3. Bb5 a6 4. Ba4 Bc5 5. O-O d6 6. c3 Bd7 7. d4 Ba7 8. Bg5 f6 9. Be3 Nge7 10. Nbd2 O-O 11. Re1 Ng6 12. Qb3+ Kh8 13. Qxb7 Na5 14. Qd5 Bxa4 15. Qxa5 Bd7 16. Rac1 Bb6 17. Qa3 Be6 18. c4 Ba7 19. c5 d5 20. dxe5 fxe5 21. Ng5 Bg8 22. exd5 Bxd5 23. Qd3 c6 24. Nde4 Bb8 25. Nc3 e4 26. Ncxe4 Ne5 27. Qc2 h6 28. Nf6 Bg8 29. Nxg8 hxg5 30. Rcd1 Qc7 31. Rd6 Kxg8 32. Bxg5 Nf7 33. Re7 Qc8 34. Qg6 Bxd6 35. cxd6 Qg4 36. h3 Qxg5 37. Qe6 Rad8 38. d7 Qf6 39. Qe4 Qd6 40. Re6 Qxd7 41. Qg4 Qd1+ 42. Kh2 Qxg4 43. hxg4 Rd6 44. Re7 g5 45. f3 Kg7 46. Ra7 Kf6 47. Kg3 Ne5 48. Rxa6 Rd2 49. b4 Rb8 50. a3 Ra2 51. Ra5 Rd8 52. f4 Rd3+ 53. Kh2 Nxg4+ 0-1


[Site "https://www.chess.com"]

[Event "Titled Tuesday Blitz October 04 Late 2022"]
[White "Svane, Rasmus"]
[Black "Nasuta, Grzegorz"]
[WhiteFideId "4657101"]
[BlackFideId "1141686"]
[WhiteElo "2674"]
[BlackElo "2442"]
[Result "1-0"]
[Round "05"]
[TimeControl "180+1"]
[Date "2022.10.04"]
[WhiteClock "0:00:47"]
[BlackClock "0:00:07"]

1. Nf3 d5 2. g3 Nf6 3. Bg2 Bg4 4. O-O e6 5. h3 Bh5 6. d4 Nbd7 7. c4 c6 8. cxd5 exd5 9. Ne5 Ne4 10. Bxe4 dxe4 11. Nc3 f6 12. Nc4 Bg6 13. d5 Nb6 14. Qb3 Nxc4 15. Qxc4 cxd5 16. Nxd5 Rc8 17. Qb3 Bc5 18. Rd1 Qd6 19. Bf4 Qc6 20. Rac1 Bf7 21. Qc4 Bxf2+ 22. Kxf2 Qxc4 23. Rxc4 Rxc4 24. Nc7+ Ke7 25. Bd6+ Kd7 26. Bf4+ Kc8 27. Nb5 Rc6 28. Nxa7# 1-0


[Site "https://www.chess.com"]

[Event "Titled Tuesday Blitz October 04 Late 2022"]
[White "Vazquez, Guillermo"]
[Black "Bortnyk, Olexandr"]
[WhiteFideId "3702308"]
[BlackFideId "14120828"]
[WhiteElo "2543"]
[BlackElo "2723"]
[Result "0-1"]
[Round "05"]
[TimeControl "180+1"]
[Date "2022.10.04"]
[WhiteClock "0:00:46"]
[BlackClock "0:01:47"]

1. b3 d5 2. Bb2 Bf5 3. d3 Nf6 4. Nd2 e6 5. g3 Be7 6. Bg2 h6 7. e4 Bh7 8. Nh3 c6 9. O-O a5 10. a3 Na6 11. Qe2 Qb6 12. Kh1 Nc5 13. f4 Qa6 14. Qe1 dxe4 15. dxe4 Rd8 16. Nf2 O-O 17. Nc4 a4 18. Qc3 axb3 19. cxb3 Qb5 20. Nd2 Rxd2 21. Qxd2 Nxb3 22. Qc3 Nxa1 23. Rxa1 Rd8 24. g4 Qe2 25. Rf1 Rd2 0-1


[Site "https://www.chess.com"]

[Event "Titled Tuesday Blitz October 04 Late 2022"]
[White "Zhigalko, Sergei"]
[Black "Goltsev, Dmitry"]
[WhiteFideId "13502956"]
[BlackFideId "24176710"]
[WhiteElo "2662"]
[BlackElo "2257"]
[Result "0-1"]
[Round "05"]
[TimeControl "180+1"]
[Date "2022.10.04"]
[WhiteClock "0:00:05"]
[BlackClock "0:00:38"]

1. e4 e6 2. d4 d5 3. e5 c5 4. c3 Nc6 5. Nf3 Nge7 6. Na3 Nf5 7. Nc2 cxd4 8. cxd4 Qb6 9. Bd3 Nb4 10. Nxb4 Bxb4+ 11. Kf1 h5 12. g3 Bd7 13. a3 Be7 14. Kg2 h4 15. h3 hxg3 16. Bxf5 exf5 17. fxg3 Rc8 18. Re1 f4 19. g4 Qg6 20. e6 Bxe6 21. Bxf4 Rxh3 22. Kxh3 Qxg4+ 23. Kh2 Qxf4+ 24. Kg2 Qg4+ 25. Kf2 Bh4+ 26. Nxh4 Qxh4+ 27. Ke3 Qe4+ 28. Kd2 Qxd4+ 29. Ke2 Qe4+ 30. Kf1 Qf5+ 31. Kg1 Rc4 32. Re2 Rg4+ 33. Rg2 Rh4 34. Qd2 Qh5 35. Re1 Rh1+ 36. Kf2 Qh4+ 37. Ke2 Bg4+ 38. Kd3+ Rxe1 39. Rxg4 Qxg4 40. Qxe1+ Qe4+ 41. Qxe4+ dxe4+ 42. Kxe4 Ke7 0-1


[Site "https://www.chess.com"]